 Dungeon Crawl Stone Soup version 0.23.2-1-ga50397a6bc (webtiles) character file.

Game seed: 5797560449246353329

11153 zilodarpe23 the Spear-Bearer (level 11, -3/97 HPs)
             Began as a Minotaur Berserker on Apr 25, 2019.
             Was a High Priest of Trog.
             Slain by a fire giant
             ... wielding a +1 great sword of flaming
              (25 damage)
             ... on level 10 of the Dungeon.
             The game lasted 00:35:35 (8080 turns).

zilodarpe23 the Spear-Bearer (Minotaur Berserker)   Turns: 8080, Time: 00:35:36

Health: -3/97      AC: 21    Str: 36    XL:     11   Next: 45%
Magic:  10/10      EV: 17    Int:  4    God:    Trog [*****.]
Gold:   546        SH:  0    Dex: 13    Spells: 10/10 levels left

rFire    . . .     SeeInvis .   y - +4 halberd of True Grit {flame, Str+6 Dex+4}
rCold    . . .     Gourm    .   (shield currently unavailable)
rNeg     . . .     Faith    .   A - +0 plate armour
rPois    .         Spirit   .   (helmet restricted)
rElec    .         Reflect  .   Z - +2 cloak (curse)
rCorr    .         Harm     .   S - +0 pair of gloves
MR       .....                  P - +0 pair of boots
Stlth    ..........             g - amulet of regeneration
HPRegen  0.66/turn              H - +4 ring of strength
MPRegen  0.12/turn              C - +6 ring of evasion

@: about to teleport
A: retaliatory headbutt, horns 2
a: Berserk, Trog's Hand, Brothers in Arms, Renounce Religion


You were on level 10 of the Dungeon.
You worshipped Trog.
Trog was extremely pleased with you.
You were not hungry.

You visited 1 branch of the dungeon, and saw 10 of its levels.

You collected 807 gold pieces.
You spent 261 gold pieces at shops.

Inventory:

Hand Weapons
 a - a +1 hand axe
 w - a +4 spear
 y - the +4 halberd of True Grit (weapon) {flame, Str+6 Dex+4}
   (You bought it in a shop on level 5 of the Dungeon)

   It has been specially enchanted to burn those struck by it, causing extra
   injury to most foes and up to half again as much damage against particularly
   susceptible opponents.
   Big, fiery blades are also staple armaments of hydra-hunters.
   It affects your strength (+6).
   It affects your dexterity (+4).
 F - a +0 war axe
Armour
 b - a +0 animal skin
 h - a +0 ring mail
 l - a +0 scale mail
 r - a +2 ring mail of positive energy
 A - a +0 plate armour (worn)
 I - a +2 shield
 O - a +2 robe of cold resistance
 P - a +0 pair of boots (worn)
 S - a +0 pair of gloves (worn)
 T - the +2 shield "Ifevviam" {rPois}
   (You found it on level 8 of the Dungeon)

   It protects you from poison.
 Z - a cursed +2 cloak (worn)
Jewellery
 g - an amulet of regeneration (around neck)
 t - an uncursed amulet of magic regeneration
 C - a +6 ring of evasion (right hand)
 H - a +4 ring of strength (left hand)
 Q - an uncursed ring of stealth
Wands
 u - a wand of flame (11)
 B - a wand of random effects (35)
 R - a wand of paralysis (13)
 Y - a wand of disintegration (13)
Scrolls
 f - 5 scrolls of teleportation
 j - a scroll of fog
 m - 2 scrolls of remove curse
 n - 2 scrolls of blinking
 p - 2 scrolls of enchant weapon
 q - 2 scrolls of amnesia
 x - a scroll of enchant armour
 K - 3 scrolls of vulnerability
 L - a scroll of random uselessness
 U - a scroll of immolation
 X - a scroll of fear
Potions
 d - 2 potions of resistance
 e - a potion of degeneration {unknown}
 i - a potion of heal wounds
 k - a potion of brilliance {unknown}
 o - 2 potions of agility
 s - 5 potions of curing
 v - 3 potions of lignification
 z - 2 potions of haste {unknown}
 D - 3 potions of might
 E - 2 potions of ambrosia {unknown}
 G - a potion of experience {unknown}
 J - a potion of cancellation {unknown}
 N - a potion of magic {unknown}
 V - a potion of invisibility {unknown}
Comestibles
 c - 18 rations
 M - 2 chunks of flesh


   Skills:
 + Level 9.5 Fighting
 + Level 8.2(12.0) Axes
 + Level 13.7(14.4) Polearms
 + Level 10.9 Armour
 + Level 4.9 Dodging
 + Level 1.3 Stealth


You had 10 spell levels left.
You didn't know any spells.
Your spell library was empty.

Dungeon Overview and Level Annotations

Branches:
Dungeon (10/15)            Temple (0/1) D:5
   Lair: D:8-11         Orc: D:9-12

Altars:
Ashenzari
Cheibriados
Kikubaaqudgha
Qazlal
Vehumet
Xom

Shops:
D:5 (


Innate Abilities, Weirdness & Mutations

You reflexively headbutt those who attack you in melee.
You have a pair of horns on your head.


Message History

You headbutt the fire giant, but do no damage.
The fire giant is lightly wounded.
The fire giant hits you with a +1 great sword of flaming!
The fire giant burns you!
You slash the fire giant!
The fire giant is moderately wounded.
You hit the fire giant.
The fire giant is moderately wounded.
The fire giant gestures at you while chanting.
The bolt of fire hits you!!!
* * * LOW HITPOINT WARNING * * *
As you read the scroll of teleportation, it crumbles to dust.
You feel strangely unstable.
The fire giant hits you with a +1 great sword of flaming!
* * * LOW HITPOINT WARNING * * *
The fire giant burns you.
* * * LOW HITPOINT WARNING * * *
You feel much better.
The fire giant hits you with a +1 great sword of flaming!!
You die...

##########
..........
.......... ####
.......##. ##...#
.......##. #C# #
.......... #@# .#
.......#..
#.###.######...#..
##...##..###......
##'##....##.###.#
#........#......
##.....((#......
#...((((..#####
.########.....####
.........(....#


You could see a fire giant.

Vanquished Creatures
  A two-headed ogre (D:9)
  An unseen horror (D:10)
  Maurice (D:10)
  2 centaur zombies (D:8)
  A kobold demonologist (D:9)
  A redback zombie (D:8)
  3 trolls
  2 hellwings (D:8)
  6 yaks
  3 hogs (D:9)
  A hungry ghost (D:7)
  A human (D:9)
  2 orc warriors
  3 sky beasts
  2 necrophages
  5 ogres
  4 ice beasts
  3 phantoms
  2 centaurs
  7 big kobolds (D:9)
  Blork the orc (D:6)
  2 bullfrogs
  A wyvern zombie (D:8)
  A scorpion (D:4)
  5 killer bees (D:8)
  5 wights (D:8)
  3 howler monkeys
  3 crimson imps
  A bullfrog zombie (D:5)
  6 hounds
  A quasit (D:9)
  8 orc priests
  2 bullfrog skeletons
  A jelly (D:10)
  10 orc wizards
  7 centaur skeletons
  2 iguanas
  3 worker ants
  A killer bee zombie (D:7)
  A hound zombie (D:5)
  A hound skeleton (D:7)
  A howler monkey zombie (D:7)
  A worker ant zombie (D:5)
  12 adders
  3 gnolls (D:3)
  4 shadow imps
  5 oozes
  7 worms
  2 dart slugs (D:1)
  7 leopard geckos
  33 orcs
  11 giant cockroaches
  6 goblins
  5 hobgoblins
  4 jackals (D:4)
  3 quokkas
  2 ball pythons
  A ball python skeleton (D:4)
  10 bats
  9 frilled lizards
  16 kobolds
  A leopard gecko skeleton (D:6)
  A leopard gecko zombie (D:5)
  A quokka skeleton (D:5)
  10 rats
271 creatures vanquished.

Notes
Turn   | Place    | Note
-------+----------+-------------------------------------------
     0 | D:1      | zilodarpe23 the Minotaur Berserker began the quest for the
                  | Orb.
     0 | D:1      | Reached XP level 1. HP: 19/19 MP: 0/0
    60 | D:1      | Reached XP level 2. HP: 23/27 MP: 1/1
   496 | D:1      | Reached XP level 3. HP: 33/34 MP: 2/2
   823 | D:2      | Reached ** piety under Trog
  1361 | D:2      | Reached XP level 4. HP: 39/41 MP: 3/3
  1562 | D:2      | Reached skill level 5 in Axes
  1618 | D:3      | Reached XP level 5. HP: 45/47 MP: 4/4
  1668 | D:3      | Found a faded altar of an unknown god.
  1856 | D:3      | Reached skill level 5 in Fighting
  2124 | D:3      | Reached *** piety under Trog
  2178 | D:3      | Reached XP level 6. HP: 56/56 MP: 5/5
  2583 | D:4      | Received a gift from Trog
  2900 | D:4      | Reached XP level 7. HP: 57/61 MP: 6/6
  3284 | D:5      | Entered Level 5 of the Dungeon
  3312 | D:5      | Reached skill level 5 in Armour
  3367 | D:5      | Reached skill level 1 in Polearms
  3468 | D:5      | Reached XP level 8. HP: 39/70 MP: 7/7
  3601 | D:5      | Reached **** piety under Trog
  3601 | D:5      | Reached skill level 2 in Polearms
  3606 | D:5      | Found a glowing drain.
  3700 | D:5      | Found Etein's Antique Weapon Boutique.
  3710 | D:5      | Bought a translucent halberd for 261 gold pieces
  3710 | D:5      | Identified the +4 halberd of True Grit {flame, Str+6 Dex+4}
                  | (You bought it in a shop on level 5 of the Dungeon)
  3794 | D:5      | Found a staircase to the Ecumenical Temple.
  3894 | D:5      | Reached skill level 3 in Polearms
  4033 | D:5      | Found a shattered altar of Ashenzari.
  4212 | D:6      | Found a shimmering altar of Xom.
  4401 | D:6      | Reached skill level 4 in Polearms
  4411 | D:6      | Noticed Blork the orc
  4416 | D:6      | Killed Blork the orc
  4580 | D:6      | Found a stormy altar of Qazlal.
  4859 | D:6      | Reached skill level 5 in Polearms
  5129 | D:7      | Reached skill level 1 in Stealth
  5131 | D:7      | Reached skill level 6 in Polearms
  5137 | D:7      | Reached XP level 9. HP: 79/79 MP: 8/8
  5200 | D:7      | Reached skill level 7 in Polearms
  5800 | D:8      | Reached ***** piety under Trog
  5825 | D:8      | Noticed a hellwing
  5826 | D:8      | Noticed a hellwing
  5835 | D:8      | Killed a hellwing
  5835 | D:8      | Reached skill level 8 in Polearms
  5844 | D:8      | Reached skill level 9 in Polearms
  5854 | D:8      | Killed a hellwing
  5854 | D:8      | Reached XP level 10. HP: 70/88 MP: 9/9
  5869 | D:8      | Reached skill level 10 in Polearms
  6009 | D:8      | Found a sand-covered staircase.
  6042 | D:8      | Found an ancient bone altar of Kikubaaqudgha.
  6131 | D:8      | Received a gift from Trog
  6210 | D:8      | Reached skill level 11 in Polearms
  6218 | D:8      | Found a snail-covered altar of Cheibriados.
  6626 | D:8      | Got a faintly glowing shield
  6633 | D:8      | Identified the +2 shield "Ifevviam" {rPois} (You found it
                  | on level 8 of the Dungeon)
  6725 | D:8      | Found a radiant altar of Vehumet.
  6884 | D:9      | Noticed a two-headed ogre
  6914 | D:9      | Killed a two-headed ogre
  6914 | D:9      | Reached skill level 12 in Polearms
  6933 | D:9      | Reached skill level 10 in Armour
  7295 | D:9      | Reached XP level 11. HP: 97/97 MP: 10/10
  7619 | D:10     | Entered Level 10 of the Dungeon
  7668 | D:10     | Reached skill level 13 in Polearms
  7764 | D:10     | Killed an unseen horror
  7814 | D:10     | Noticed Maurice
  7833 | D:10     | Killed Maurice
  8072 | D:10     | Noticed a fire giant
  8079 | D:10     | HP: 3/97 [fire giant/+1 great sword of flaming (6)]
  8080 | D:10     | Slain by a fire giant

Skill      XL: |  1  2  3  4  5  6  7  8  9 10 11 |
---------------+----------------------------------+-----
Fighting       | 4 5 6 7 9 |  9.5
Axes           | 4 5 6 7 8 |  8.2
Armour         | 3 4 5 6 9 10 | 10.9
Dodging        | 3 4 |  4.9
Polearms       | 1 6 9 12 13 | 13.7
Stealth        | 1 |  1.3

Action                   |  1- 3 |  4- 6 |  7- 9 | 10-12 || total
-------------------------+-------+-------+-------+-------++-------
Melee: Hand axe          |    97 |   155 |    27 |       ||   279
       Headbutt          |    19 |    29 |    45 |    47 ||   140
       Spear             |       |       |    72 |       ||    72
       Halberd           |       |       |   121 |   189 ||   310
Invok: Berserk           |       |       |     1 |     1 ||     2
  Use: Scroll            |     2 |     3 |       |    16 ||    21
       Potion            |       |       |       |     1 ||     1
  Eat: Chunk             |     1 |     2 |    12 |     3 ||    18
       Ration            |       |     1 |     1 |     2 ||     4
Armor: Animal skin       |     2 |       |       |       ||     2
       Ring mail         |    20 |    60 |    32 |       ||   112
       Scale mail        |    13 |       |       |       ||    13
       Plate armour      |       |       |    54 |    81 ||   135
Dodge: Dodged            |    70 |    81 |   152 |   155 ||   458
